[Event "41st Zalakaros Festival 2022"]
[Site "Zalakaros"]
[Date "2022.06.11"]
[Round "7.8"]
[White "Bokorovics, Bertalan"]
[Black "Tulchynskyi, Feliks"]
[Result "1-0"]
[ECO "B17"]
[WhiteElo "2221"]
[BlackElo "2068"]
[Annotator "TA"]
[PlyCount "119"]
[EventDate "2022.06.05"]
[EventType "swiss"]
[EventCountry "HUN"]
[SourceTitle "playchess.com"]
[Source "ChessBase"]
[SourceQuality "1"]
[TimeControl "40/5400+30:1800+30"]

1. e4 c6 2. d4 d5 3. Nc3 dxe4 4. Nxe4 Nd7 5. Ng5 Ngf6 6. Bd3 e6 7. Qe2 Bd6 8. N1f3 h6 9. Ne4 Nxe4 10. Qxe4 Qc7 11. Bd2 c5 {[%emt 0:00:59] B17: Caro-Kann: Modern Line (4...Nd7).} 12. Qg4 Kf8 13. O-O c4 {[%emt 0:00:56] The position is equal.} 14. Be2 {[%emt 0:00:48] [#]} b6 $146 ({Predecessor:} 14... b5 15. a4 g5 16. Qh3 Kg8 17. axb5 e5 18. Ba5 Qb8 19. Nd2 exd4 20. Nxc4 Ne5 {1-0 (43) Tiviakov,S (2615)-Shabalov,A (2565) Amsterdam 1996}) 15. a3 Nf6 16. Qh4 Nd5 17. Ne5 $1 Ba6 18. Bb4 Nxb4 (18... Rd8 $1 $14) 19. axb4 $16 Bb7 20. c3 (20. Nxc4 $16 Bf4 21. c3) 20... Bd5 21. f4 Kg8 22. f5 (22. Bf3 $14 {is superior.}) 22... Bxe5 $11 23. dxe5 Kh7 (23... exf5 $11 24. Rxf5 Kh7) 24. Rae1 (24. fxe6 $14 Bxe6 25. Qe4+ g6 26. Rf6) 24... exf5 25. Rxf5 Be6 ({Black should try} 25... Rhe8 $11) 26. Rf2 $14 Rhe8 27. Qe4+ Kg8 28. Bd1 $1 Rad8 (28... f5 $14 29. Qe3 (29. exf6 $2 Bf7 $19) 29... Kh7) 29. Bc2 $36 {[%emt 0:00:18][%mdl 2048] Threatens to win with Qh7+. Black is under strong pressure.} g6 30. Rf6 {[%emt 0:02:24] Qf4 is the strong threat.} Qe7 $2 (30... Qd7 $16 {might work better.}) 31. Qf4 {[%emt 0:03:33][%cal Oc2g6] Strongly threatening Bxg6!} (31. Ba4 Rf8 $16) 31... Kg7 32. Rf1 a5 33. bxa5 bxa5 34. h4 Bd5 $2 {[%emt 0:05:55] [#] Inhibits Rf3.} (34... Rd3 $16 {keeps fighting.} 35. Bxd3 cxd3) 35. Re1 $2 (35. Bxg6 $1 $18 fxg6 36. h5) 35... Qd7 (35... Rb8 $16) 36. h5 $2 (36. Re3 $18 {is the precise move to win. Hoping for Rg3.} Qa7 37. Kh1) 36... g5 37. Qf2 {[%emt 0:01:31] Dancing on a razor blade. 0x0.001762dfad9bdp-1022s more active pieces.} (37. Qd4 $142 {[%cal Oe5e6] Intending e6! and mate.} Qe7 38. Rd6) 37... Qg4 {[%emt 0:03:38][%mdl 8192] [#] Prevents e6.} (37... Be6 $16) 38. Rg6+ $3 $18 Kf8 39. Rxh6 {[%emt 0:01:03] Rh8+ would kill now.} Qxg2+ $2 (39... Qf4 40. Qxf4 gxf4) 40. Qxg2 Bxg2 41. Rh8+ (41. Kxg2 Rd2+ 42. Kg3 Rxc2 $16) 41... Ke7 42. Rxe8+ Kxe8 {[%emt 0:00:03][%mdl 4096] Endgame KRB-KRB} 43. Ba4+ (43. Kxg2 Rd2+ 44. Kg3 Rxc2 $16) 43... Ke7 44. Kxg2 {[%emt 0:00:05] KRB-KR} Rd2+ 45. Kf3 Rxb2 46. Re4 Rh2 47. Rxc4 Rxh5 48. Rc5 f6 $2 (48... Rh3+ 49. Ke2 Rh2+ 50. Ke3 Rh3+ 51. Kd2 Rh2+ 52. Ke1 Rh3 53. Rc7+ (53. Rxa5 Rxc3 54. Kd2 Rg3 $16) 53... Kf8) 49. exf6+ {[%emt 0:01:09] White is clearly winning.} Kxf6 50. Ke3 Rh3+ 51. Kd2 g4 52. Rxa5 g3 53. Bc6 Rh2+ 54. Kd3 Rf2 55. Ra4 Kf5 56. Bd7+ Ke5 57. Rg4 Rf3+ 58. Kc4 Kd6 59. Bc8 Kc7 60. Be6 {[%emt 0:00:14] Weighted Error Value: White=0.77/Black=0.48} 1-0

[Event "41st Zalakaros Festival 2022"]
[Site "Zalakaros"]
[Date "2022.06.11"]
[Round "7.9"]
[White "Horak, Jiri"]
[Black "Bodrogi, Bendeguz"]
[Result "0-1"]
[ECO "A46"]
[WhiteElo "2161"]
[BlackElo "2198"]
[Annotator "TA"]
[PlyCount "96"]
[EventDate "2022.06.05"]
[EventType "swiss"]
[EventCountry "HUN"]
[SourceTitle "playchess.com"]
[Source "ChessBase"]
[SourceQuality "1"]
[TimeControl "40/5400+30:1800+30"]

1. d4 Nf6 2. Nf3 c5 3. c3 g6 4. g3 b6 5. Bg2 Bb7 6. O-O Bg7 7. Bf4 {[%emt 0:03:29] A49: 1 d4 Nf6 2 Nf3 g6 3 g3: Anti-King's Indian systems.} d6 8. Na3 O-O {[%emt 0:00:34] [#]} 9. Ne1 $146 {[%emt 0:04:06] The position is equal.} ({Predecessor:} 9. Nc4 b5 10. Na3 Qb6 11. Nc2 Nbd7 12. Re1 Rad8 13. Qc1 cxd4 14. cxd4 Rc8 15. Qd1 {½-½ (75) Saralegui Cassan,M (2068)-Contin,D (2253) Montevideo 2018}) 9... Bxg2 10. Nxg2 Nbd7 11. Qd2 Qc7 12. Bh6 Rfe8 13. Bxg7 Kxg7 14. Rfd1 Qb7 15. f3 d5 16. Rac1 (16. c4 $11) 16... e5 17. e3 (17. dxc5 $15 Nxc5 18. Ne3) 17... Rad8 18. Nc2 a5 19. Nge1 h5 20. Ng2 Re7 21. Rf1 Rde8 22. Rce1 b5 23. a3 Qa7 24. h3 (24. b4 $11 {remains equal.}) 24... Rc8 25. Kh2 (25. g4 $15) 25... Qc7 26. Re2 Nb6 27. Rfe1 Rh8 (27... e4 $142 28. f4 c4) 28. b3 (28. f4 $142) 28... h4 {[%emt 0:03:18] Black is more active.} ({Black should try} 28... a4 29. bxa4 Nc4) 29. dxc5 $2 {[%emt 0:03:26][%mdl 8192] Loses the game.} (29. Nxh4 $17 {is the only way for White.} a4 30. dxc5 Qxc5 31. bxa4) 29... hxg3+ $19 30. Kxg3 Qxc5 31. Rh1 Rc7 ({Stronger than} 31... e4 32. f4 $19) 32. b4 Qd6 33. bxa5 Nc4 34. Qe1 d4 35. e4 d3 36. Rd2 Nxd2 37. Qxd2 Nh5+ 38. Kf2 Qc5+ 39. Nce3 Qxc3 40. Rd1 Nf4 {[%emt 0:00:00] aiming for ...Qd4.} 41. h4 Qd4 42. Kg3 Nxg2 43. Kxg2 Rhc8 {[%emt 0:00:58][%cal Oc7c2] Threatens to win with ...Rc2!} 44. Kh3 {[%emt 0:02:29] [#]} Rc2 $1 45. Nf5+ (45. Qxd3 R2c3) 45... gxf5 46. Qg5+ Kf8 47. Qh6+ Ke8 {[%emt 0:00:42] ( -> ...Rf2)} 48. Qf6 {[%emt 0:02:23] [#]} fxe4 {[%emt 0:02:04] Weighted Error Value: White=0.97/Black=0.18 (very precise)} (48... Rh2+ $142 $3 49. Kxh2 Qf2+ 50. Kh3 Qxf3+ 51. Kh2 Rc2+ 52. Rd2 Rxd2+ 53. Kg1 Qg2#) 0-1

[Event "41st Zalakaros Festival 2022"]
[Site "Zalakaros"]
[Date "2022.06.11"]
[Round "7.10"]
[White "Bernath, Bence"]
[Black "Pogany, Zsombor"]
[Result "0-1"]
[ECO "C82"]
[WhiteElo "2202"]
[BlackElo "2104"]
[Annotator "TA"]
[PlyCount "90"]
[EventDate "2022.06.05"]
[EventType "swiss"]
[EventCountry "HUN"]
[SourceTitle "playchess.com"]
[Source "ChessBase"]
[SourceQuality "1"]
[TimeControl "40/5400+30:1800+30"]

1. e4 e5 2. Nf3 Nc6 3. Bb5 a6 4. Ba4 Nf6 5. O-O Nxe4 6. d4 b5 7. Bb3 d5 8. dxe5 Be6 9. c3 Bc5 10. Qd3 O-O 11. Nbd2 f5 {[%emt 0:01:24] C82: Open Ruy Lopez: 9 c3 without 9...Be7.} 12. exf6 Nxf6 13. Bc2 Bb6 {[%emt 0:03:36] The position is equal.} 14. Nb3 Bg4 15. Nbd4 Nxd4 16. Nxd4 c5 {[%emt 0:07:19] [#]} 17. h3 $146 ({Predecessor:} 17. Nf5 Qd7 18. Be3 d4 19. Nxd4 cxd4 20. cxd4 Rad8 21. f3 Be6 22. Rfd1 Rfe8 23. b3 Bf7 {0-1 (23) Litvinenko,E (1978)-Olsarova,T (2251) Plovdiv 2014}) 17... cxd4 18. hxg4 dxc3 {[%emt 0:00:23] Threatens to win with ...Ne4.} 19. bxc3 Qd6 20. Ba3 Bc5 (20... Qxa3 $17 21. g5 g6 $1 22. gxf6 Rad8) 21. Bxc5 $11 Qxc5 22. Rad1 h6 23. g3 Rac8 24. g5 hxg5 25. Qf5 Qxc3 26. Qe6+ Kh8 27. Qh3+ {[%emt 0:04:22][%mdl 1024] White has compensation.} Kg8 28. Qe6+ (28. Bf5 $5 g4 29. Be6+ Rf7 30. Qh4 $11) 28... Kh8 29. Qh3+ Kg8 30. Bf5 g4 $1 31. Be6+ Rf7 32. Qg2 Re8 33. Bxf7+ Kxf7 34. Rc1 Qb2 35. Rc7+ Kg8 36. Qh1 {[%emt 0:02:34] [#]} (36. Rfc1 $11) 36... Qxa2 {[%emt 0:00:56] Active counter play!} (36... Qe5 $1 $17 37. Rcc1 Ne4) 37. Qh4 Qa5 38. Rb7 $40 {[%emt 0:00:41][%mdl 128] White wants to mate with Qg5. White attacks.} Qd2 {[%emt 0:00:28] Against Qg5} 39. Qh1 $2 (39. Kg2 $11 {and White has nothing to worry.}) 39... b4 $2 (39... Qg5 $19 {...Qe5 is the strong threat.} 40. Rb6 Ne4 41. Rxa6 Qf5) 40. Qg2 $2 {[%emt 0:00:00][%mdl 8192] White does not recover from this.} ({White has to play} 40. Qh4 $15) 40... a5 $19 41. f3 (41. Qh1 $142 Qc3 42. Rb6) 41... Re2 42. Rb8+ Kf7 43. Rf2 Qe3 {[%emt 0:06:04] Black mates.} 44. fxg4 {[%emt 0:02:34] [#]} Re1+ $1 ({Weaker is} 44... Kg6 45. Qf3 Qxf3 46. Rxf3 $17) 45. Kh2 Qh6+ {[%emt 0:00:06] Weighted Error Value: White=0.94/Black=0.31} 0-1

[Event "41st Zalakaros Festival 2022"]
[Site "Zalakaros"]
[Date "2022.06.12"]
[Round "8.1"]
[White "Peczely, Sebastian Zsombor"]
[Black "Kantor, Gergely"]
[Result "1/2-1/2"]
[ECO "C00"]
[WhiteElo "2313"]
[BlackElo "2587"]
[Annotator "TA"]
[PlyCount "69"]
[EventDate "2022.06.05"]
[EventType "swiss"]
[EventCountry "HUN"]
[SourceTitle "playchess.com"]
[Source "ChessBase"]
[SourceQuality "1"]
[TimeControl "40/5400+30:1800+30"]

1. e4 e6 2. Nf3 d5 3. exd5 exd5 4. d4 Bd6 5. c4 Nf6 6. Nc3 O-O 7. h3 {[%emt 0:05:09] C01: French: Exchange Variation.} Re8+ 8. Be2 dxc4 9. O-O Nbd7 10. Bxc4 Nb6 11. Bb3 Be6 {[%emt 0:01:52] [#]} 12. Re1 $146 ({Predecessor:} 12. Bg5) 12... Bxb3 13. Rxe8+ Qxe8 14. Qxb3 c6 15. Bg5 Nfd5 16. a4 {[%emt 0:05:56] Threatening a5.} h6 17. a5 (17. Bh4 $11) 17... hxg5 18. axb6 Nxc3 19. bxc3 axb6 20. Re1 Qd8 21. c4 Bc7 22. Qe3 Bf4 23. Qe4 g6 24. g3 (24. h4 $5) 24... Bd6 25. Qe3 Ra3 26. Qe8+ Qxe8 27. Rxe8+ $11 {[%emt 0:00:06][%mdl 4096] Endgame KRB-KRN} Kg7 28. Kg2 Kf6 29. Nd2 {[%emt 0:00:56] [#] Hoping for Ne4+.} Be7 30. d5 $1 cxd5 31. cxd5 {[%emt 0:00:04] Black must now prevent Ne4+.} Ra4 {[%emt 0:00:58] Against Ne4+} (31... Bc5 $11 {remains equal.}) 32. Kf3 (32. d6 $1 $16 Bxd6 33. Ne4+ Rxe4 34. Rxe4) 32... Ra3+ 33. Kg2 (33. Ke2 $11 Ra2 34. Kd3 Ra3+ 35. Kc2 Ra2+ 36. Kd3 Ra3+ 37. Ke2) 33... Ra4 $16 34. Kf3 (34. d6 $1 $16 Bxd6 35. Ne4+ Rxe4 36. Rxe4) 34... Ra3+ $11 35. Ke4 {Weighted Error Value: White=0.15 (very precise) /Black=0.11 (very precise)} (35. Ke2 $11 Ra2 36. Kd3) 1/2-1/2

[Event "41st Zalakaros Festival 2022"]
[Site "Zalakaros"]
[Date "2022.06.12"]
[Round "8.2"]
[White "Horvath, Adam"]
[Black "Sammed Jaykumar, Shete"]
[Result "0-1"]
[ECO "B56"]
[WhiteElo "2513"]
[BlackElo "2400"]
[Annotator "TA"]
[PlyCount "68"]
[EventDate "2022.06.05"]
[EventType "swiss"]
[EventCountry "HUN"]
[SourceTitle "playchess.com"]
[Source "ChessBase"]
[SourceQuality "1"]
[TimeControl "40/5400+30:1800+30"]

1. e4 c5 2. Nf3 d6 3. d4 cxd4 4. Nxd4 Nf6 5. Nc3 Nc6 6. f3 e5 7. Nb3 Be6 8. Nd5 Be7 $1 {[%emt 0:00:38] 8...Be7 is better than 8...Bxd5. B56: Classical Sicilian: Unusual Lines.} 9. c4 O-O 10. Be3 a5 {[%emt 0:00:20][%cal Ba7a5,Ba5a4][%mdl 32] The position is equal.} 11. Qd2 a4 12. Nc1 b5 13. Nxe7+ Nxe7 14. cxb5 d5 15. Bc5 {[%emt 0:07:35] [#]} Qc7 $146 (15... Re8 $5 ) ({Predecessor:} 15... Rc8 16. Qb4 Re8 17. b6 dxe4 18. b7 Rb8 19. fxe4 Nc6 20. Qxa4 Nd4 21. Bxd4 exd4 {0-1 (35) Christiansen,J (2610)-Shankland,S (2691) chess24.com INT 2020}) 16. Qb4 dxe4 17. fxe4 (17. Bxe7 Nd5 18. Bd6 Qb6 $17) 17... Rfe8 (17... Rfd8 $5 18. Nd3 (18. Bxe7 Rd4 $11) 18... Ng6 $11) 18. Nd3 Ng6 (18... Qb7 $11) 19. Be2 (19. Be3 $1 $16) 19... Nf4 (19... Qb7 $1 $11 {keeps the balance.}) 20. Nxf4 $16 exf4 21. b6 Qb7 22. O-O $1 Nxe4 23. Bd4 {[%emt 0:06:10] A strong pair of Bishops.} (23. Rxf4 Nxc5 24. Qxc5 Rac8 $14) 23... Bd5 24. Bf3 $1 Ng5 25. Bxd5 Qxd5 26. Qc5 (26. h4 $1 $16 Ne6 27. Bf2) 26... Qd7 $1 $11 {[%emt 0:00:43] Strongly threatening ...Ne6.} 27. Rad1 ({Don't play} 27. Rxf4 Ne6 28. Qf5 Rad8 29. Bxg7 (29. Re4 $2 g6 $19) 29... Nxf4 30. Qxf4 Qd6 31. Qxd6 Rxd6 $17) (27. b7 Rab8 $1 28. Qc3 (28. Rxf4 Ne6 $17) 28... Ne6 $17) (27. Bc3 $11 Qg4 28. Kh1 (28. Qd4 Nh3+ 29. Kh1 Re2 $11)) 27... Qg4 $1 $15 28. Kh1 $1 Re2 29. Qd5 Rae8 {[%emt 0:00:07][%cal Of4f3] ( -> ...f3!). The board is on fire.} 30. Bf2 $2 (30. h3 $17 Qg3 31. Bf2 Rxf2 32. Rxf2 Qxf2 33. Qb5 (33. Qxg5 $2 f3 $17)) 30... Ne4 $2 (30... h6 $19 {White must now prevent ...f3.} 31. Qd6 Ne4) 31. h3 $1 $11 Qg6 $40 {[%emt 0:00:56][%mdl 128] Black is up to no good.} ({Don't do} 31... Nxf2+ 32. Rxf2 $1 Re1+ 33. Rf1 Qxd1 34. Qxd1 Rxd1 35. Rxd1 $14) 32. b7 $2 f3 $19 33. g4 Qh6 ({Weaker is} 33... Nxf2+ 34. Rxf2 Qb6 35. Rxe2 fxe2 36. Re1 $15) 34. Bh4 Ng3+ {[%emt 0:00:29] Weighted Error Value: White=0.62/Black=0.33} 0-1

[Event "41st Zalakaros Festival 2022"]
[Site "Zalakaros"]
[Date "2022.06.12"]
[Round "8.3"]
[White "Bodrogi, Bendeguz"]
[Black "Csonka, Balazs"]
[Result "0-1"]
[ECO "A06"]
[WhiteElo "2198"]
[BlackElo "2498"]
[Annotator "TA"]
[PlyCount "60"]
[EventDate "2022.06.05"]
[EventType "swiss"]
[EventCountry "HUN"]
[SourceTitle "playchess.com"]
[Source "ChessBase"]
[SourceQuality "1"]
[TimeControl "40/5400+30:1800+30"]

1. Nf3 d5 2. g3 Nd7 3. Bg2 e5 4. d4 e4 5. Ne5 {[%emt 0:00:07] [#]} Nb6 $146 {[%emt 0:08:32] Strongly threatening ...f6.} ({Predecessor:} 5... Ngf6 6. O-O Bd6 7. Nxd7 Bxd7 8. c4 c6 9. cxd5 cxd5 10. Bg5 h6 11. Bxf6 Qxf6 {1-0 (142) Niedbala,B (2385)-Sadzikowski,D (2525) Katowice 2021}) 6. c4 {[%emt 0:09:50] A07: Réti Opening: New York and Capablanca Systems.} f6 7. c5 fxe5 8. cxb6 {[%emt 0:00:05] Black is better.} axb6 9. dxe5 Bc5 ({Of course not} 9... Bb4+ $6 10. Bd2 Bxd2+ 11. Qxd2 $11) 10. Nc3 Ne7 (10... c6 $1 $15) 11. Rb1 $1 $11 Bb4 12. a3 Bxc3+ 13. bxc3 Bf5 14. Ra1 (14. O-O $11 {keeps the balance.}) 14... Qd7 15. O-O O-O 16. Qb3 Qa4 17. Qa2 h6 {[%emt 0:08:13] Inhibits Bg5. 0x0.001762e2457edp-1022s more active pieces. The white rooks are badly placed.} 18. Be3 Qc6 19. Rfd1 Ra4 ({Don't play} 19... Qxc3 20. Rac1 Qxe5 21. Bf4 $11) 20. Rd4 Rfa8 21. Qb3 Be6 22. g4 {[%emt 0:02:25] This move loses the game for White.} (22. Qb2 $17 {was worth a try.}) 22... Bxg4 $19 23. Bxe4 Bxe2 24. Bg2 Bc4 25. Qb1 Rxa3 26. Rxa3 Rxa3 27. Rg4 $2 (27. Rd1) 27... Qa4 {[%emt 0:03:06] [#] Threatens to win with ...Ra1.} 28. Bxh6 Ra1 29. Bxd5+ Bxd5 30. Rxg7+ Kf8 {[%emt 0:00:10] Weighted Error Value: White=0.74/Black=0.09 (flawless)} 0-1

[Event "41st Zalakaros Festival 2022"]
[Site "Zalakaros"]
[Date "2022.06.12"]
[Round "8.4"]
[White "Forgacs, Attila Jr."]
[Black "Bokorovics, Bertalan"]
[Result "0-1"]
[ECO "B90"]
[WhiteElo "2234"]
[BlackElo "2221"]
[Annotator "TA"]
[PlyCount "76"]
[EventDate "2022.06.05"]
[EventType "swiss"]
[EventCountry "HUN"]
[SourceTitle "playchess.com"]
[Source "ChessBase"]
[SourceQuality "1"]
[TimeControl "40/5400+30:1800+30"]

1. e4 c5 2. Nf3 d6 3. d4 cxd4 4. Nxd4 Nf6 5. Nc3 a6 6. f3 e5 7. Nb3 Be7 8. Be3 Be6 9. Qd2 h5 10. Nd5 {[%emt 0:00:27] B90: Sicilian Najdorf: Unusual White 6th moves, 6 Be3 Ng4 and 6 Be3 e5.} Bxd5 11. exd5 Nbd7 12. Be2 {[%emt 0:02:07] White is slightly better.} Qc7 13. c4 a5 14. Rc1 O-O 15. O-O h4 16. Na1 Nh5 17. Nc2 Bd8 18. Na3 Nc5 $1 {[%emt 0:00:11] [#]} 19. Nb5 $146 ({Predecessor:} 19. Bd1 Qe7 20. Bc2 a4 21. Rb1 Ba5 22. Qc1 f5 23. Bg5 Qe8 24. Bxh4 Nf4 25. Kh1 Qg6 26. g3 Ne2 27. Qe3 Nd4 28. Be7 Nxc2 29. Nxc2 f4 30. gxf4 exf4 {½-½ (30) Galliano,G (2419)-Oreopoulos,K (2497) ICCF email 2018}) 19... Qe7 20. b3 f5 21. Rfe1 (21. Bd3 $5) 21... Bb6 22. Bd1 h3 23. a3 $2 {[%emt 0:02:42] Black continues to play with concentration.} (23. gxh3 $11 {and White stays safe.} Qh4 24. Bc2 (24. Nxd6 $2 Rf6 $19)) 23... Nf4 24. b4 $2 (24. g3 Ng2 25. Bxc5 (25. Re2 $2 Nxe3 26. Qxe3 Nd7 $19) 25... Bxc5+ 26. Kh1) 24... axb4 $19 25. axb4 {[%emt 0:00:05] [#]} (25. g3 $142 Nfd3 26. axb4 Nxc1 27. bxc5) 25... hxg2 $1 26. bxc5 Bxc5 27. Bxc5 Qg5 28. Qxf4 Qxf4 {[%emt 0:00:29] Dancing on a razor blade.} (28... exf4 29. Bxd6 Qh4 30. Bc2 $16) 29. Be3 Qh4 30. Bb3 $2 (30. Bf2 {was the only defense.} Qh3 31. f4) 30... Rf6 {[%emt 0:04:35] [#] And now ...f4 would win.} 31. Re2 f4 32. Ba7 (32. Bd2 $142 Qh3 33. Rxg2) 32... e4 33. Rc3 Rh6 {[%emt 0:00:38] Black mates.} 34. Kxg2 Qxh2+ 35. Kf1 Qh1+ 36. Bg1 Ra1+ 37. Re1 Rxe1+ 38. Kxe1 Qxg1+ {[%emt 0:00:08] Weighted Error Value: White=0.79/Black=0.19 (very precise)} 0-1

[Event "41st Zalakaros Festival 2022"]
[Site "Zalakaros"]
[Date "2022.06.12"]
[Round "8.5"]
[White "Pogany, Zsombor"]
[Black "Pasztor, Ferenc"]
[Result "1-0"]
[ECO "C43"]
[WhiteElo "2104"]
[BlackElo "2195"]
[Annotator "TA"]
[PlyCount "83"]
[EventDate "2022.06.05"]
[EventType "swiss"]
[EventCountry "HUN"]
[SourceTitle "playchess.com"]
[Source "ChessBase"]
[SourceQuality "1"]
[TimeControl "40/5400+30:1800+30"]

1. e4 e5 2. Nf3 Nf6 3. d4 Nxe4 4. Bd3 d5 5. Nxe5 Nd7 6. Nc3 Nxc3 7. bxc3 Nxe5 8. dxe5 Bc5 {[%emt 0:02:44] C43: Petroff Defence: 3 d4.} 9. O-O $1 {[%emt 0:01:06] 9.0-0 scores better than 9.Qh5.} (9. Qf3 {seems wilder.} O-O 10. O-O Re8 11. Re1) 9... Qe7 10. Rb1 c6 {[%emt 0:01:35] The position is equal.} 11. Qh5 {[%emt 0:02:08] [#]} g6 $146 (11... h6 $11) ({Predecessor:} 11... Be6 12. Bg5 Qd7 13. Kh1 b5 14. f4 g6 15. Qh4 Be7 16. Bf6 Kd8 17. a4 a6 18. axb5 cxb5 {1-0 (35) Kollars,D (2621)-Janik,I (2484) Legnica 2021}) 12. Qh6 $14 {[%emt 0:01:39] Bg5 is the strong threat.} Qf8 $1 (12... Qxe5 $2 13. Bf4 Qe7 14. Bg5 $18) 13. Qh4 {[%emt 0:06:30] aiming for Bg5.} Be7 14. Qa4 Qg7 {[%emt 0:01:14] [#]} 15. Ba6 $1 O-O 16. Bxb7 Bxb7 (16... Rb8 17. Re1 $1 $16) 17. Rxb7 Qxe5 18. Bf4 (18. Qxc6 {is more complex.} Rfd8 19. Be3 Bd6 20. g3) 18... Qe6 19. Rxa7 Rxa7 (19... Rac8 $11) 20. Qxa7 Bf6 {[%emt 0:00:18] [#]} 21. g3 (21. a4 $1 $16) 21... Bxc3 $11 22. a4 c5 (22... h5 $1 $11) 23. Qxc5 Rc8 24. Qb5 h5 25. a5 {[%emt 0:07:10] Hoping for a6.} Rc6 {[%emt 0:04:19] Against a6} ({Black should play} 25... Ra8 $14) 26. Rd1 $18 d4 27. h4 f6 $2 {[%emt 0:03:01] This move loses the game for Black.} (27... Kh7 $16 28. Rb1 Be1) 28. Rb1 {[%emt 0:00:43][%cal Oa5a6] And now a6! would win.} Qc8 {[%emt 0:02:30] Against a6} 29. Qd5+ Kg7 30. Rb8 Qe6 31. Qd8 g5 32. hxg5 Kg6 33. gxf6 h4 34. gxh4 ({Stronger than} 34. f7 Qe1+ 35. Kh2 (35. Kg2 h3+ 36. Kh2 Qxf2+ 37. Kxh3 Qf1+ 38. Kh2 Qf2+ 39. Kh3 Qf1+ 40. Kh2 Qf2+ 41. Kh3 $11) 35... Qxf2+ 36. Kh1 (36. Kh3 Qf1+ 37. Kh2 Qf2+ 38. Kh3 Qf1+ 39. Kh2 Qf2+ $11) 36... Qf1+ 37. Kh2 Qf2+ 38. Kh3 Qf1+ 39. Kh2 (39. Kg4 Qe2+ 40. Kh3 Qf1+ 41. Kh2 Qf2+ $11) 39... Qf2+ $11) (34. Qh8 $142 Qe1+ 35. Kg2 Qe4+ 36. Kh2 hxg3+ 37. Kxg3 Bb4 38. Qg7+ Kf5 39. Qh7+ Kxf6 40. Qxe4) 34... Qe1+ 35. Kg2 {[%emt 0:00:05] White mates.} Qe4+ 36. Kg3 Qh1 37. Qe8+ Kf5 38. Rb5+ Kxf6 39. Qxc6+ Qxc6 40. Rb6 Qe6 41. Rxe6+ Kxe6 42. a6 {[%emt 0:00:08] Weighted Error Value: White=0.11 (very precise) /Black=0.66} 1-0

[Event "41st Zalakaros Festival 2022"]
[Site "Zalakaros"]
[Date "2022.06.12"]
[Round "8.6"]
[White "Pranav Vijay"]
[Black "Fodor, Balazs"]
[Result "1-0"]
[ECO "B98"]
[WhiteElo "2265"]
[BlackElo "2126"]
[Annotator "TA"]
[PlyCount "71"]
[EventDate "2022.06.05"]
[EventType "swiss"]
[EventCountry "HUN"]
[SourceTitle "playchess.com"]
[Source "ChessBase"]
[SourceQuality "1"]
[TimeControl "40/5400+30:1800+30"]

1. e4 c5 2. Nf3 d6 3. d4 cxd4 4. Nxd4 Nf6 5. Nc3 a6 6. Bg5 e6 7. f4 Be7 8. Qe2 h6 9. Bh4 {[%emt 0:06:41] [#] B98: Sicilian Najdorf: 6 Bg5 e6 7 f4 Be7, sidelines.} g5 (9... Nxe4 $142 $1 10. Bxe7 (10. Qxe4 Bxh4+ 11. g3 Bf6 $17) 10... Nxc3 11. Bxd8 Nxe2 12. Bxe2 Kxd8) 10. fxg5 $11 Nh7 (10... hxg5 $11 {and Black has nothing to worry.} 11. Bxg5 Nxe4 12. Bxe7 (12. Nxe4 Bxg5 13. Nxg5 Qxg5 $11) 12... Nxc3 13. Qxe6 (13. Bxd8 Nxe2 14. Bf6 Rh6 $11) (13. bxc3 Qxe7 14. g3 e5 $15) 13... fxe6 14. Bxd8 Kxd8 15. bxc3 e5) 11. O-O-O (11. Bg3 $18) 11... hxg5 $16 12. Bg3 {[%emt 0:00:43] aiming for e5. 0x0.002b0b434503dp-1022s more active pieces.} Nd7 {[%emt 0:03:10] [#]} (12... Nf8 $16) 13. Kb1 $146 ({Weaker is} 13. Nxe6 fxe6 14. e5 (14. Qh5+ Kf8 $11) 14... O-O $14) (13. e5 $1 $18 {[%cal Od4e6] Nxe6! is the strong threat.} dxe5 14. Nxe6 $1 (14. Bxe5 Nhf6 $18) 14... fxe6 15. Qh5+ Kf8 16. Bd3 (16. Bc4 Bf6 $16)) ({Predecessor:} 13. e5 dxe5 14. Bxe5 Nxe5 15. Nxe6 Qd2+ 16. Rxd2 Bxe6 17. Qxe5 {1-0 (17) Cordeiro,V-Slekys,E ICCF corr 1996}) 13... Nhf8 {[%emt 0:07:37] [#]} (13... Nhf6 $16) 14. Nf3 (14. Nf5 $1 $18 {[%cal Rf5g7][%mdl 512] and the rest is easy.} exf5 15. exf5) 14... g4 15. Nd2 b5 {[%emt 0:00:19] Against Nc4} 16. Qxg4 Ng6 17. a3 Rb8 18. Qe2 Qc7 19. Nb3 Nde5 20. Qe1 Bd7 {[%emt 0:04:38] [#]} (20... Nh4 $16 {might work better.} 21. Bxe5 dxe5) 21. h4 $1 $18 Nc4 (21... Ng4 $16 22. h5 N6e5) 22. h5 Nge5 23. Rh3 a5 24. Na2 (24. h6 $16) 24... Bf6 $14 25. Bh4 Bxh4 26. Qxh4 b4 (26... Qb6 {is a better defense.} 27. Nd4 Kf8) 27. axb4 axb4 (27... Rc8 $142 28. Bxc4 Nxc4) 28. Qf6 $18 Rf8 (28... Rg8 {was called for.} 29. Bxc4 Qxc4) 29. h6 {[%emt 0:01:30] White is clearly winning.} Qd8 30. Qg7 Ke7 31. h7 {[%emt 0:00:06] Against Rg8. Hoping for Rh6.} Rh8 32. Bxc4 Nxc4 33. g4 Ne5 34. g5 {[%emt 0:00:19] Threatening mate with Qf6+.} Qf8 35. Qf6+ Ke8 {[%emt 0:00:15] [#]} 36. Rxd6 $3 {[%emt 0:00:51][%mdl 512] Weighted Error Value: White=0.26 (precise) /Black=0.46} 1-0